EL
BOWIE BAY SOX @ AKRON AEROS
04/10/2054
 
TOP OF THE 1ST
Reading Phillies batting - Pitching for Trenton Thunder : RHP Todd Chapman
Pitching: RHP Todd Chapman
Batting: RHB César Flores 0-0: Swinging Strike
0-1: SINGLE (Groundball, 6M) (infield hit)
Batting: LHB Andrew Walker 0-0: SINGLE (Flyball, 9LM)
César Flores to second
Runner from 2nd tries for 3rd, SAFE, throw by RF made to third
Batting: RHB Logan Knowles 0-0: Ball
1-0: Swinging Strike
1-1: Ball
2-1: Ball
3-1: Swinging Strike
3-2: Grounds into double play, 5-4-3 (Groundball, 56S)
César Flores scores
Batting: LHB Ray Gruamach 0-0: Foul Ball, location: 2F
0-1: Ball
1-1: SINGLE (Flyball, 89S)
Batting: RHB Malcolm van der Star 0-0: Ball
1-0: Called Strike
1-1: Foul Ball, location: 2F
1-2: Ball
2-2: Strikes out looking
Top of the 1st over - 1 run, 3 hits, 0 errors, 1 left on base; Reading 1 - Trenton 0
BOTTOM OF THE 1ST
Trenton Thunder batting - Pitching for Reading Phillies : RHP Santiago Martínez
Pitching: RHP Santiago Martínez
Batting: LHB Eric Hurst 0-0: Called Strike
0-1: Foul Ball, location: 2F
0-2: Strikes out looking
Batting: LHB Nariaki Ito 0-0: Ball
1-0: Ball
2-0: Ball
3-0: Called Strike
3-1: Base on Balls
Batting: RHB Wilson García 0-0: Ball
1-0: Ball
2-0: Called Strike
2-1: Ball
3-1: Base on Balls
Nariaki Ito to second
Batting: LHB Austin Middleton 0-0: Ball
1-0: Ball
2-0: Ball
3-0: Called Strike
3-1: Called Strike
3-2: Fly out, F8 (Flyball, 8LM)
Batting: LHB Edgar Rivera 0-0: Called Strike
0-1: Ball
1-1: Fly out, F7 (Flyball, 7LS)
Bottom of the 1st over - 0 runs, 0 hits, 0 errors, 2 left on base; Reading 1 - Trenton 0
TOP OF THE 2ND
Reading Phillies batting - Pitching for Trenton Thunder : RHP Todd Chapman
Batting: LHB Álex Ortíz 0-0: Called Strike
0-1: Ball
1-1: Fly out, F9 (Flyball, 9D)
Batting: RHB Aubrey Bryant 0-0: Ball
1-0: Called Strike
1-1: DOUBLE (Flyball, 8RD)
Batting: RHB Dorian Livingston 0-0: Ball
1-0: Ball
2-0: Foul Ball, location: 2F
2-1: Foul Ball, location: 2F
2-2: Foul Ball, location: 2F
2-2: Ball
3-2: Fly out, F8 (Flyball, 8LD)
Batting: RHB Juan Flores 0-0: Ball
1-0: Foul Ball, location: 2F
1-1: Ball
2-1: Ball
3-1: SINGLE (Groundball, 56S) (infield hit)
Aubrey Bryant to third
Batting: RHB César Flores 0-0: Foul Ball, location: 2F
0-1: Ball
1-1: Ball
2-1: Ball
3-1: SINGLE (Groundball, 34D)
Aubrey Bryant scores
Juan Flores to second
Runner from 2nd tries for 3rd, SAFE, no throw by RF
Batting: LHB Andrew Walker 0-0: SINGLE (Line Drive, 9S)
Juan Flores scores
César Flores to second
Runner from 2nd tries for 3rd, SAFE, throw by RF made to third
Batting: RHB Logan Knowles 0-0: Ball
1-0: Swinging Strike
1-1: Ball
2-1: Swinging Strike
2-2: SINGLE (Groundball, 4MD)
César Flores scores
Andrew Walker to second
Runner from 2nd tries for 3rd, SAFE, no throw by CF
Batting: LHB Ray Gruamach 0-0: Ball
1-0: Called Strike
1-1: Foul Ball, location: 2F
1-2: Strikes out swinging
Top of the 2nd over - 3 runs, 5 hits, 0 errors, 2 left on base; Reading 4 - Trenton 0
BOTTOM OF THE 2ND
Trenton Thunder batting - Pitching for Reading Phillies : RHP Santiago Martínez
Batting: SHB David García 0-0: Ground out 4-3 (Groundball, 4)
Batting: RHB Juan Moya 0-0: Called Strike
0-1: Ground out 6-3 (Groundball, 6)
Batting: RHB Michael Hous 0-0: Ball
1-0: Ball
2-0: Ground out 6-3 (Groundball, 56)
Bottom of the 2nd over - 0 runs, 0 hits, 0 errors, 0 left on base; Reading 4 - Trenton 0
TOP OF THE 3RD
Reading Phillies batting - Pitching for Trenton Thunder : RHP Todd Chapman
Batting: RHB Malcolm van der Star 0-0: Fly out, F3 (Popup, 23F)
Batting: LHB Álex Ortíz 0-0: Ball
1-0: Ball
2-0: Swinging Strike
2-1: Foul Ball, location: 2F
2-2: Strikes out looking
Batting: RHB Aubrey Bryant 0-0: Ball
1-0: Foul Ball, location: 2F
1-1: Fly out, F9 (Flyball, 9S)
Top of the 3rd over - 0 runs, 0 hits, 0 errors, 0 left on base; Reading 4 - Trenton 0
BOTTOM OF THE 3RD
Trenton Thunder batting - Pitching for Reading Phillies : RHP Santiago Martínez
Batting: RHB Jim Unknown 0-0: Called Strike
0-1: SINGLE (Line Drive, 8LS)
Batting: LHB Eric Hurst 0-0: Foul Ball, location: 2F
0-1: Ball
Jim Unknown steals 2nd base
1-1: SINGLE (Groundball, 4MD)
Jim Unknown to third
Runner from 3rd tries for Home, SAFE, no throw by CF
Batting: LHB Nariaki Ito 0-0: Called Strike
0-1: Fielders Choice at 2nd, 3-6 (Groundball, 34S)
Batting: RHB Wilson García 0-0: Ball
Nariaki Ito is caught stealing 2nd base 2-4
1-0: Ball
2-0: Swinging Strike
2-1: Ball
3-1: Base on Balls
Batting: LHB Austin Middleton 0-0: Ball
1-0: Foul Ball, location: 2F
1-1: Ball
2-1: Swinging Strike
2-2: Foul Ball, location: 2F
2-2: Strikes out swinging
Bottom of the 3rd over - 1 run, 2 hits, 0 errors, 1 left on base; Reading 4 - Trenton 1
TOP OF THE 4TH
Reading Phillies batting - Pitching for Trenton Thunder : RHP Todd Chapman
Batting: RHB Dorian Livingston 0-0: Foul Ball, location: 2F
0-1: Called Strike
0-2: SINGLE (Flyball, 9LS)
Batting: RHB Juan Flores 0-0: Ball
1-0: Called Strike
1-1: Ball
2-1: Foul Ball, location: 2F
2-2: Foul Ball, location: 2F
2-2: Foul Ball, location: 2F
2-2: Foul Ball, location: 2F
2-2: Fly out, F3 (Popup, 34S)
Pitching: LHP Jim Unknown
Batting: RHB César Flores 0-0: Fielders Choice at 2nd, 1-6 (Groundball, 34S)
Batting: LHB Andrew Walker 0-0: Ball
1-0: Ball
2-0: Foul Ball, location: 2F
2-1: Ball
3-1: Base on Balls
César Flores to second
Batting: RHB Logan Knowles 0-0: Ball
1-0: Ball
2-0: Fly out, F4 (Popup, 4M)
Top of the 4th over - 0 runs, 1 hit, 0 errors, 2 left on base; Reading 4 - Trenton 1
BOTTOM OF THE 4TH
Trenton Thunder batting - Pitching for Reading Phillies : RHP Santiago Martínez
Batting: LHB Edgar Rivera 0-0: Fly out, F7 (Line Drive, 7)
Batting: SHB David García 0-0: Called Strike
0-1: Ball
1-1: Ball
2-1: Ground out 4-3 (Groundball, 4)
Batting: RHB Juan Moya 0-0: Foul Ball, location: 2F
0-1: Ball
1-1: Ball
2-1: Ball
3-1: Called Strike
3-2: Fly out, F6 (Popup, 6M)
Bottom of the 4th over - 0 runs, 0 hits, 0 errors, 0 left on base; Reading 4 - Trenton 1
TOP OF THE 5TH
Reading Phillies batting - Pitching for Trenton Thunder : LHP Jim Unknown
Batting: LHB Ray Gruamach 0-0: Ball
1-0: Called Strike
1-1: Ball
2-1: Foul Ball, location: 2F
2-2: Foul Ball, location: 2F
2-2: DOUBLE (Groundball, 3L)
Batting: RHB Malcolm van der Star 0-0: Foul Ball, location: 2F
0-1: Ball
1-1: Swinging Strike
1-2: Foul Ball, location: 2F
1-2: Ground out 1-3 (Groundball, 13)
Ray Gruamach to third
Batting: LHB Álex Ortíz 0-0: Called Strike
0-1: Swinging Strike
0-2: Strikes out swinging
Batting: RHB Aubrey Bryant 0-0: Called Strike
0-1: Ball
1-1: Ball
2-1: Swinging Strike
2-2: Ground out 6-3 (Groundball, 6)
Top of the 5th over - 0 runs, 1 hit, 0 errors, 1 left on base; Reading 4 - Trenton 1
BOTTOM OF THE 5TH
Trenton Thunder batting - Pitching for Reading Phillies : RHP Santiago Martínez
Batting: RHB Michael Hous 0-0: Fly out, F8 (Flyball, 8RD)
Batting: RHB Jim Unknown 0-0: Ball
1-0: Called Strike
1-1: Ball
2-1: Ball
3-1: Foul Ball, location: 2F
3-2: Base on Balls
Batting: LHB Eric Hurst 0-0: Called Strike
Jim Unknown steals 2nd base
0-1: SINGLE (Groundball, 34) (infield hit)
Jim Unknown to third
Batting: LHB Nariaki Ito 0-0: Called Strike
0-1: Hit by Pitch
Eric Hurst to second
Batting: RHB Wilson García 0-0: Ball
1-0: Foul Ball, location: 2F
1-1: GRAND SLAM HOME RUN (Flyball, 9D), Distance : 387 ft
Batting: LHB Austin Middleton 0-0: SINGLE (Groundball, 5D)
Pitching: LHP Javier Cisneros
Batting: LHB Edgar Rivera 0-0: Ball
1-0: Called Strike
1-1: Ball
2-1: Ball
3-1: Foul Ball, location: 2F
3-2: Base on Balls
Austin Middleton to second
Batting: SHB David García 0-0: SINGLE (Line Drive, 7S)
Austin Middleton to third
Edgar Rivera to second
Batting: RHB Juan Moya 0-0: Foul Ball, location: 2F
0-1: Swinging Strike
0-2: Ball
1-2: Ball
2-2: Foul Ball, location: 2F
2-2: Strikes out swinging
Batting: RHB Michael Hous 0-0: Called Strike
0-1: Called Strike
0-2: Fly out, F5 (Popup, 5F)
Bottom of the 5th over - 4 runs, 4 hits, 0 errors, 3 left on base; Reading 4 - Trenton 5
TOP OF THE 6TH
Reading Phillies batting - Pitching for Trenton Thunder : LHP Jim Unknown
Batting: RHB Dorian Livingston 0-0: Swinging Strike
0-1: Called Strike
0-2: Strikes out swinging
Batting: RHB Juan Flores 0-0: Ground out 4-3 (Groundball, 4M)
Batting: RHB César Flores 0-0: Ball
1-0: Called Strike
1-1: Called Strike
1-2: Ball
2-2: Ball
3-2: Base on Balls
Batting: LHB Andrew Walker 0-0: DOUBLE (Flyball, 89D)
César Flores to third
Batting: RHB Logan Knowles 0-0: Ball
1-0: Ball
2-0: Foul Ball, location: 2F
2-1: Foul Ball, location: 2F
2-2: Ball
3-2: Base on Balls
Batting: LHB Ray Gruamach 0-0: Ball
1-0: Ball
2-0: Fly out, F8 (Line Drive, 8RM)
Top of the 6th over - 0 runs, 1 hit, 0 errors, 3 left on base; Reading 4 - Trenton 5
BOTTOM OF THE 6TH
Trenton Thunder batting - Pitching for Reading Phillies : LHP Javier Cisneros
Batting: RHB Jim Unknown 0-0: Ball
1-0: Swinging Strike
1-1: Called Strike
1-2: Ball
2-2: Ball
3-2: Strikes out swinging
Batting: LHB Eric Hurst 0-0: Ball
1-0: Ball
2-0: Called Strike
2-1: Swinging Strike
2-2: Strikes out looking
Batting: LHB Nariaki Ito 0-0: Ball
1-0: Ball
2-0: Foul Ball, location: 2F
2-1: Ball
3-1: Fly out, F9 (Flyball, 9D)
Bottom of the 6th over - 0 runs, 0 hits, 0 errors, 0 left on base; Reading 4 - Trenton 5
TOP OF THE 7TH
Reading Phillies batting - Pitching for Trenton Thunder : LHP Jim Unknown
Batting: RHB Malcolm van der Star 0-0: Foul Ball, location: 2F
0-1: Fly out, F7 (Flyball, 7D)
Batting: LHB Álex Ortíz 0-0: Ball
1-0: Ball
2-0: Called Strike
2-1: Foul Ball, location: 2F
2-2: Ball
3-2: Ground out 4-3 (Groundball, 4)
Batting: RHB Aubrey Bryant 0-0: Foul Ball, location: 2F
0-1: Ball
1-1: Ball
2-1: Foul Ball, location: 2F
2-2: Foul Ball, location: 2F
2-2: Ball
3-2: Foul Ball, location: 2F
3-2: Base on Balls
Pitching: LHP Jim Unknown
Batting: RHB Dorian Livingston 0-0: Foul Ball, location: 2F
0-1: Foul Ball, location: 2F
0-2: Strikes out swinging
Top of the 7th over - 0 runs, 0 hits, 0 errors, 1 left on base; Reading 4 - Trenton 5
BOTTOM OF THE 7TH
Trenton Thunder batting - Pitching for Reading Phillies : LHP Javier Cisneros
Batting: RHB Wilson García 0-0: Called Strike
0-1: Foul Ball, location: 2F
0-2: Ball
1-2: Strikes out looking
Batting: LHB Austin Middleton 0-0: Called Strike
0-1: Ball
1-1: SINGLE (Groundball, 6MD)
Batting: LHB Edgar Rivera 0-0: Ball
1-0: Ball
2-0: Called Strike
2-1: Foul Ball, location: 2F
2-2: Foul Ball, location: 2F
2-2: Fly out, F8 (Flyball, 8LD)
Batting: SHB David García 0-0: Ball
1-0: Ball
2-0: Called Strike
2-1: Called Strike
2-2: Ball
3-2: Fly out, F8 (Flyball, 89D)
Bottom of the 7th over - 0 runs, 1 hit, 0 errors, 1 left on base; Reading 4 - Trenton 5
TOP OF THE 8TH
Reading Phillies batting - Pitching for Trenton Thunder : LHP Jim Unknown
Now at C: Eric Buchanan
Batting: RHB Juan Flores 0-0: Foul Ball, location: 2F
0-1: Ball
1-1: Ball
2-1: SINGLE (Groundball, 34D)
Batting: RHB César Flores 0-0: Bunt missed!
0-1: Sac Bunt to 15S - play at first, batter OUT! 1-4
Juan Flores to second
Pinch Hitting: LHB Juan Nieto 0-0: Foul Ball, location: 2F
0-1: Swinging Strike
0-2: Strikes out swinging
Batting: RHB Logan Knowles 0-0: Ball
1-0: Ball
2-0: Ball
3-0: Called Strike
3-1: Foul Ball, location: 2F
3-2: Ground out 6-3 (Groundball, 6)
Top of the 8th over - 0 runs, 1 hit, 0 errors, 1 left on base; Reading 4 - Trenton 5
BOTTOM OF THE 8TH
Trenton Thunder batting - Pitching for Reading Phillies : LHP Javier Cisneros
Now in CF: Grant Stannard
Batting: RHB Juan Moya 0-0: Called Strike
0-1: Ball
1-1: Foul Ball, location: 2F
1-2: Ball
2-2: Foul Ball, location: 2F
2-2: Ball
3-2: DOUBLE (Flyball, 78D)
Batting: RHB Michael Hous 0-0: Intentional Walk
Pitching: RHP Joe Nunn
Pinch Hitting: LHB Jim Unknown 0-0: Bunted foul
0-1: Bunt missed!
0-2: Foul Ball, location: 2F
0-2: Ball
1-2: Ball
2-2: Foul Ball, location: 2F
2-2: Foul Ball, location: 2F
2-2: Strikes out swinging
Pitching: LHP José Ybarra
Batting: LHB Eric Hurst 0-0: Ball
1-0: Swinging Strike
1-1: Ground out 5-3 (Groundball, 5)
Juan Moya to third
Michael Hous to second
Batting: LHB Nariaki Ito 0-0: Ball
1-0: Swinging Strike
1-1: Called Strike
1-2: Ball
2-2: Foul Ball, location: 2F
2-2: Ball
3-2: Foul Ball, location: 2F
3-2: Base on Balls
Pitching: RHP Manuel López
Batting: RHB Eric Buchanan 0-0: Fly out, F9 (Flyball, 89S)
Bottom of the 8th over - 0 runs, 1 hit, 0 errors, 3 left on base; Reading 4 - Trenton 5
TOP OF THE 9TH
Reading Phillies batting - Pitching for Trenton Thunder : LHP Jim Unknown
Pitching: RHP Jim Unknown
Now in CF: Jim Unknown
Batting: LHB Ray Gruamach 0-0: Called Strike
0-1: Ball
1-1: Fly out, F6 (Line Drive, 6)
Batting: RHB Malcolm van der Star 0-0: Called Strike
0-1: Ball
1-1: Swinging Strike
1-2: Foul Ball, location: 2F
1-2: SINGLE (Groundball, 6D)
Batting: LHB Álex Ortíz 0-0: Called Strike
0-1: Ball
1-1: Swinging Strike
1-2: Ball
2-2: SINGLE (Groundball, 34D)
Malcolm van der Star to second
Runner from 2nd tries for 3rd, SAFE, throw by RF made to third
Batting: RHB Aubrey Bryant 0-0: Called Strike
0-1: Foul Ball, location: 2F
0-2: Ball
1-2: Strikes out swinging
Batting: RHB Dorian Livingston 0-0: Ball
1-0: Ball
2-0: Called Strike
2-1: Called Strike
2-2: Ball
3-2: Base on Balls
Álex Ortíz to second
Batting: RHB Juan Flores 0-0: Ball
1-0: Called Strike
1-1: Fly out, F4 (Popup, 4D)
Top of the 9th over - 0 runs, 2 hits, 0 errors, 3 left on base; Reading 4 - Trenton 5
Thursday, June 4th, 2020 - OOTP Baseball 20.8 Build 74